[Event "Team 45 45 League T25"]
[Site "Free Internet Chess Server"]
[Date "2005.01.16"]
[Round "5"]
[White "Akavall"]
[Black "Struggler"]
[Result "1-0"]
[WhiteElo "1870"]
[BlackElo "1806"]
[TimeControl "2700+45"]

1. e4 e5 2. Nf3 Nc6 3. Bc4 Bc5 4. c3 d6 5. d4 exd4 6. cxd4 Bb4+ 7. Nc3 h6 8. Qb3 Bxc3+ 9. bxc3 Qd7 10. Qc2 Nge7 11. O-O O-O 12. e5 dxe5 13. dxe5 Qg4 14. Bd3 Bf5 15. Nd4 Bxd3 16. Qxd3 Rfd8 17. f4 Nxd4 18. cxd4 Rd5 19. f5 Qxd4+ 20. Qxd4 Rxd4 21. Ba3 Nc6 22. e6 Re4 23. Rae1 Rxe1 24. Rxe1 Re8 25. exf7+ Kxf7 26. Rd1 Rd8 27. Rxd8 Nxd8 28. g4 b5 29. Kf2 Nb7 30. Ke3 c5 31. Ke4 c4 32. Kd5 Nd8 33. Kc5 a6 34. Kb6 g6 35. fxg6+ Kxg6 36. Kxa6 c3 37. Kxb5 c2 38. Bc1 h5 39. gxh5+ Kxh5 40. a4 Nb7 41. Kb6 Nd6 42. Kc6 Nc4 43. Kb5 Nd6+ 44. Kb4 Kg4 45. Kc3 Kh3 46. Kxc2   {Black resigns} 1-0

[Event "Team 45 45 League T25"]
[Site "Free Internet Chess Server"]
[Date "2005.01.15"]
[Round "5"]
[White "Pawns"]
[Black "ButiOxa"]
[Result "1-0"]
[WhiteElo "1795"]
[BlackElo "1770"]
[TimeControl "2700+45"]

1. e4 e5 2. Nf3 Nc6 3. Bb5 a6 4. Bxc6 dxc6 5. O-O Bg4 6. h3 h5 7. d3 Qf6 8. Be3 Bxf3 9. Qxf3 Qxf3 10. gxf3 Bd6 11. Nd2 Ne7 12. Rfb1 Ng6 13. b4 f6 14. a4 Nh4 15. c4 Kf7 16. c5 Be7 17. f4 Rhd8 18. Rb3 Rd7 19. Nc4 exf4 20. Bxf4 g5 21. Be3 Nf3+ 22. Kg2 Ne5 23. Nb2 g4 24. hxg4 Nxg4 25. Bf4 Rg8 26. Rh1 Ne3+ 27. Kf3 Nc2 28. Be3 Rh8 29. Nc4 Kg6 30. Na5 Nxe3 31. Kxe3 Rb8 32. Rhb1 f5 33. f4 fxe4 34. dxe4 Bf6 35. e5 Be7 36. Ke4 Rbd8 37. f5+ Kf7 38. e6+   {Black resigns} 1-0

[Event "Team 45 45 League T25"]
[Site "Free Internet Chess Server"]
[Date "2005.01.16"]
[Round "5"]
[White "threeNT"]
[Black "Curveball"]
[Result "0-1"]
[WhiteElo "1723"]
[BlackElo "1636"]
[TimeControl "2700+45"]

1. e4 d5 2. exd5 Qxd5 3. Nc3 Qa5 4. d4 Nf6 5. Nf3 Bf5 6. Ne5 e6 7. Nc4 Qb4 8. a3 Qe7 9. Ne5 Nbd7 10. g4 Bg6 11. Nxg6 hxg6 12. Bg5 O-O-O 13. Qf3 Qd6 14. Bg2 c6 15. Nb5 Qb8 16. Bf4 e5 17. dxe5 Nxe5 18. Qc3 Nd3+ 19. Qxd3 Qxf4 20. Nxa7+ Kc7 21. Qf3 Qxf3 22. Bxf3 Bc5 23. Nxc6 bxc6 24. O-O Bd6 25. Rad1 Bxh2+ 26. Kg2 Bf4 27. Rxd8 Rxd8 28. c4 Rd2 29. b4 Nd7 30. a4 Ne5 31. a5 Nxc4 32. Re1 Ne5 33. Re4 g5 34. Be2 g6 35. Bf3 f5 36. Re1 fxg4 37. Be2 Rb2 38. a6 Kb6 39. Ra1 Ka7 40. Kf1 Rxb4 41. Ra5 Nd7 42. Bxg4 Nb8 43. Bc8 Rb6 44. Ke2 Nxa6 45. f3 c5 46. Bxa6 Rxa6 47. Rxc5 Re6+ 48. Kf1 Kb6 49. Rc3 Rc6 50. Rb3+ Kc7 51. Ra3 Kd7 52. Ke2 Ke6 53. Ra8 Kf5 54. Ra5+ Kf6 55. Ra4 Re6+ 56. Kf2 Kf5 57. Ra5+ Re5 58. Ra6 Re6 59. Ra5+ Kf6 60. Ra4 Kg7 61. Ra8 Rb6 62. Re8 Rb2+ 63. Kg1 Kf7 64. Re4 Kf6 65. Ra4 Be3+ 66. Kh1 Kf5 67. Re4 Bf4 68. Rc4 Re2 69. Ra4 g4 70. Ra5+ Be5 71. fxg4+ Kxg4 72. Ra3 Kf4 73. Kg1 g5 74. Kf1 Rc2 75. Ke1 g4   {White resigns} 0-1

[Event "Team 45 45 League T25"]
[Site "Free Internet Chess Server"]
[Date "2005.01.13"]
[Round "5"]
[White "zcomcon"]
[Black "BlkSabb"]
[Result "0-1"]
[WhiteElo "1722"]
[BlackElo "1735"]
[TimeControl "2700+45"]

1. e4 d6 2. d4 g6 3. Nf3 Bg7 4. c3 Nf6 5. Bd3 O-O 6. O-O Re8 7. h3 e5 8. d5 c5 9. dxc6 Nxc6 10. Re1 d5 11. exd5 Qxd5 12. Bf1 Qe6 13. Nbd2 a6 14. Qc2 b5 15. Ne4 Nxe4 16. Qxe4 Bb7 17. Be3 Na5 18. Qg4 Qxg4 19. hxg4 Bc8 20. Nh2 Nc4 21. Bxc4 bxc4 22. f3 Rb8 23. Rab1 Bb7 24. Nf1 h6 25. Kf2 g5 26. Ng3 Bc8 27. Ne4 Rd8 28. Ke2 f5 29. gxf5 Bxf5 30. Red1 Rxd1 31. Kxd1 g4 32. Ke2 gxf3+ 33. Kxf3 Kh7 34. b3 a5 35. Rb2 Bf8 36. g4 Be6 37. Nd2 Ba3 38. Rb1 Bf7 39. Ke4 Bg6+   {White resigns} 0-1

[Event "Team 45 45 League T25"]
[Site "Free Internet Chess Server"]
[Date "2005.01.14"]
[Round "5"]
[White "Ninaber"]
[Black "trener"]
[Result "0-1"]
[WhiteElo "2054"]
[BlackElo "1936"]
[TimeControl "2700+45"]

1. c4 c6 2. Nc3 d5 3. d4 Nf6 4. e3 e6 5. Nf3 Nbd7 6. Be2 dxc4 7. Bxc4 b5 8. Bd3 a6 9. O-O c5 10. dxc5 Bxc5 11. e4 Bb7 12. Bf4 b4 13. Na4 Nxe4 14. Qc2 f5 15. Nxc5 Ndxc5 16. Bxe4 Nxe4 17. Qa4+ Qd7 18. Qxb4 Qe7 19. Qa4+ Qd7 20. Qb3 Bd5 21. Rac1 Bxb3   {White resigns} 0-1

[Event "Team 45 45 League T25"]
[Site "Free Internet Chess Server"]
[Date "2005.01.17"]
[Round "5"]
[White "lovelace"]
[Black "YOIULI"]
[Result "0-1"]
[WhiteElo "1843"]
[BlackElo "1922"]
[TimeControl "2700+45"]

1. d4 d5 2. Nf3 Nf6 3. e3 e6 4. Bd3 c5 5. b3 Nc6 6. O-O Qc7 7. Bb2 cxd4 8. exd4 Bd6 9. Re1 Nb4 10. Ne5 Nxd3 11. Qxd3 O-O 12. Nd2 b6 13. Re3 a5 14. Rh3 Ba6 15. c4 Rfd8 16. Qe2 dxc4 17. Ndxc4 Bf8 18. Rc1 Rac8 19. Ng4 Nd5 20. Qe4 g6 21. Nge3 Nf4 22. Re1 Nxh3+ 23. gxh3 Bb7 24. d5 Qe7 25. Qe5 f6 26. Qxf6 Qxf6 27. Bxf6 Re8 28. Nxb6 Rc5 29. Bd4 Rc7 30. Ng4 Bg7 31. Bxg7 Kxg7 32. dxe6 Rxe6 33. Ne3 Rxb6 34. Nc4 Ra6 35. a4 Bd5   {White resigns} 0-1

[Event "Team 45 45 League T25"]
[Site "Free Internet Chess Server"]
[Date "2005.01.16"]
[Round "5"]
[White "mandragora"]
[Black "Doubleletter"]
[Result "0-1"]
[WhiteElo "1819"]
[BlackElo "1707"]
[TimeControl "2700+45"]

1. e4 e6 2. d4 d5 3. Nc3 dxe4 4. Nxe4 Nd7 5. Nf3 Ngf6 6. Bd3 b6 7. O-O Bb7 8. Ng3 Be7 9. Re1 O-O 10. Qe2 c5 11. Be3 cxd4 12. Bxd4 Bc5 13. Rad1 Bxf3 14. Qxf3 Bxd4 15. Bxh7+ Nxh7 16. Rxd4 Qc7 17. c3 Ne5 18. Qf4 f6 19. Red1 Rac8 20. Qe3 Rfe8 21. Qe2 Rcd8 22. Rxd8 Rxd8 23. Rxd8+ Qxd8 24. f4 Nf7 25. Qxe6 Nf8 26. Qg4 Nh6 27. Qe2 Qd5 28. a3 Ne6 29. f5 Nxf5 30. Qh5 Qc5+   {White resigns} 0-1